| TOP OF THE 1ST |
|
Miami (APP) Marlins batting - Pitching for San Francisco (APP) Giants : RHP Corey Foster
|
|
Pitching: RHP Corey Foster
|
|
|
Batting: RHB Torquato Uso
|
0-0: Ball 1-0: Called Strike 1-1: Foul Ball, location: 2F 1-2: Strikes out looking
|
|
Batting: RHB Terrell Smith
|
0-0: Ball 1-0: Ball 2-0: Called Strike 2-1: Foul Ball, location: 2F 2-2: Ball 3-2: Foul Ball, location: 2F 3-2: Base on Balls
|
|
Batting: RHB Clark Meagher
|
0-0: Ball 1-0: Foul Ball, location: 2F 1-1: Ball 2-1: Reached on error, E5 (Groundball, 56, EV 97.5 MPH) Terrell Smith to second
|
|
Batting: LHB Tony Olmos
|
0-0: Swinging Strike 0-1: Ball Wild Pitch! Terrell Smith to third Clark Meagher to second 1-1: Ball 2-1: Called Strike 2-2: Ball 3-2: Base on Balls
|
|
Batting: RHB David Martin
|
0-0: Ball 1-0: Foul Ball, location: 2F 1-1: Ball 2-1: Ball 3-1: Called Strike 3-2: Base on Balls Terrell Smith scores Clark Meagher to third Tony Olmos to second
|
|
Batting: RHB Kazumi Inouye
|
0-0: Called Strike 0-1: Ball 1-1: SINGLE (Groundball, 3S, EV 72.5 MPH) (infield hit) Clark Meagher scores Tony Olmos to third David Martin to second
|
|
Batting: RHB Robbie Gomez
|
0-0: Foul Ball, location: 2F 0-1: Foul Ball, location: 2F 0-2: Ball 1-2: SINGLE (Flyball, 89S, EV 91.9 MPH) Tony Olmos scores David Martin to third Kazumi Inouye to second
|
|
Batting: RHB Francisco Valenzuela
|
0-0: Called Strike 0-1: Foul Ball, location: 2F 0-2: Fly out, F9 (Flyball, 89S, EV 84.4 MPH) Lined into DP, 9-5 (Flyball, 89S, EV 84.4 MPH)
|
| Top of the 1st over - 3 runs, 2 hits, 1 error, 2 left on base; Miami (APP) 3 - San Francisco (APP) 0 |
| BOTTOM OF THE 1ST |
|
San Francisco (APP) Giants batting - Pitching for Miami (APP) Marlins : RHP Santiago Navarro
|
|
Pitching: RHP Santiago Navarro
|
|
|
Batting: RHB Coen Dirks
|
0-0: Ball 1-0: Ground out 6-3 (Groundball, 6, EV 110.0 MPH)
|
|
Batting: RHB Noe Oliva
|
0-0: Ground out 4-3 (Groundball, 34, EV 96.9 MPH)
|
|
Batting: RHB Zach Maguire
|
0-0: Foul Ball, location: 2F 0-1: Swinging Strike 0-2: Foul Ball, location: 2F 0-2: Ball 1-2: Ball 2-2: Foul Ball, location: 2F 2-2: SINGLE (Line Drive, 56D, EV 98.8 MPH)
|
|
Batting: RHB Alex Peguero
|
0-0: Ball 1-0: Ball 2-0: Fielders Choice at 2nd, 6-4 (Groundball, 6, EV 89.4 MPH)
|
| Bottom of the 1st over - 0 runs, 1 hit, 0 errors, 1 left on base; Miami (APP) 3 - San Francisco (APP) 0 |
| TOP OF THE 2ND |
|
Miami (APP) Marlins batting - Pitching for San Francisco (APP) Giants : RHP Corey Foster
|
|
Batting: RHB Hektor Luvian
|
0-0: Ground out 4-3 (Groundball, 4, EV 79.4 MPH)
|
|
Batting: RHB Torquato Uso
|
0-0: Ball 1-0: Ground out 6-3 (Groundball, 6, EV 95.0 MPH)
|
|
Batting: RHB Terrell Smith
|
0-0: Ball 1-0: Ground out 1-3 (Groundball, 34S, EV 72.5 MPH)
|
| Top of the 2nd over - 0 runs, 0 hits, 0 errors, 0 left on base; Miami (APP) 3 - San Francisco (APP) 0 |
| BOTTOM OF THE 2ND |
|
San Francisco (APP) Giants batting - Pitching for Miami (APP) Marlins : RHP Santiago Navarro
|
|
Batting: RHB Tsugio Yamaguchi
|
0-0: Foul Ball, location: 2F 0-1: Hit by Pitch
|
|
Batting: LHB Dennis Jones
|
0-0: Ball 1-0: Ball 2-0: Called Strike 2-1: Called Strike 2-2: Ball 3-2: Foul Ball, location: 2F 3-2: Fly out, F8 (Flyball, 8RXD, EV 91.2 MPH) Runner from 1st tags up, SAFE at 2nd
|
|
Batting: LHB Kuan Hsia
|
0-0: SINGLE (Groundball, 6D, EV 103.1 MPH) Tsugio Yamaguchi to third Runner from 3rd tries for Home, SAFE, throw by CF to home
|
|
Batting: RHB Jaime Rios
|
0-0: Ball 1-0: Called Strike 1-1: Foul Ball, location: 2F 1-2: Ball 2-2: Foul Ball, location: 2F 2-2: Foul Ball, location: 2F 2-2: Fly out, F5 (Line Drive, 5L, EV 75.0 MPH)
|
|
Batting: RHB Jonathan Hemsley
|
0-0: Foul Ball, location: 2F 0-1: Swinging Strike 0-2: Ball 1-2: Strikes out swinging
|
| Bottom of the 2nd over - 1 run, 1 hit, 0 errors, 1 left on base; Miami (APP) 3 - San Francisco (APP) 1 |
| TOP OF THE 3RD |
|
Miami (APP) Marlins batting - Pitching for San Francisco (APP) Giants : RHP Corey Foster
|
|
Batting: RHB Clark Meagher
|
0-0: Fly out, F9 (Flyball, 9, EV 90.0 MPH)
|
|
Batting: LHB Tony Olmos
|
0-0: Ball 1-0: Called Strike 1-1: Ball 2-1: Foul Ball, location: 2F 2-2: Foul Ball, location: 2F 2-2: Foul Ball, location: 2F 2-2: Ball 3-2: Base on Balls
|
|
Batting: RHB David Martin
|
0-0: Called Strike 0-1: Grounds into double play, 6-4-3 (Groundball, 6, EV 107.5 MPH)
|
| Top of the 3rd over - 0 runs, 0 hits, 0 errors, 0 left on base; Miami (APP) 3 - San Francisco (APP) 1 |
| BOTTOM OF THE 3RD |
|
San Francisco (APP) Giants batting - Pitching for Miami (APP) Marlins : RHP Santiago Navarro
|
|
Batting: RHB Coen Dirks
|
0-0: Ball 1-0: Foul Ball, location: 2F 1-1: Swinging Strike 1-2: Ball 2-2: Strikes out swinging, 2-3 out at first.
|
|
Batting: RHB Noe Oliva
|
0-0: Ball 1-0: Swinging Strike 1-1: Called Strike 1-2: Ball 2-2: Strikes out looking
|
|
Batting: RHB Zach Maguire
|
0-0: Ball 1-0: Ball 2-0: Called Strike 2-1: Foul Ball, location: 2F 2-2: Strikes out swinging
|
| Bottom of the 3rd over - 0 runs, 0 hits, 0 errors, 0 left on base; Miami (APP) 3 - San Francisco (APP) 1 |
| TOP OF THE 4TH |
|
Miami (APP) Marlins batting - Pitching for San Francisco (APP) Giants : RHP Corey Foster
|
|
Batting: RHB Kazumi Inouye
|
0-0: Ground out 5-3 (Groundball, 56S, EV 88.1 MPH)
|
|
Batting: RHB Robbie Gomez
|
0-0: Called Strike 0-1: Ball 1-1: Ground out U3 (Groundball, 3, EV 87.5 MPH)
|
|
Batting: RHB Francisco Valenzuela
|
0-0: Called Strike 0-1: Ground out 6-3 (Groundball, 6, EV 107.5 MPH)
|
| Top of the 4th over - 0 runs, 0 hits, 0 errors, 0 left on base; Miami (APP) 3 - San Francisco (APP) 1 |
| BOTTOM OF THE 4TH |
|
San Francisco (APP) Giants batting - Pitching for Miami (APP) Marlins : RHP Santiago Navarro
|
|
Batting: RHB Alex Peguero
|
0-0: Ball 1-0: Ball 2-0: Ball 3-0: Base on Balls
|
|
Batting: RHB Tsugio Yamaguchi
|
0-0: Fly out, F3 (Line Drive, 3, EV 71.9 MPH) Lined into DP, U3 (Line Drive, 3, EV 67.5 MPH)
|
|
Batting: LHB Dennis Jones
|
0-0: Called Strike 0-1: Ball 1-1: Ball 2-1: Ball 3-1: Called Strike 3-2: Foul Ball, location: 2F 3-2: Strikes out swinging
|
| Bottom of the 4th over - 0 runs, 0 hits, 0 errors, 0 left on base; Miami (APP) 3 - San Francisco (APP) 1 |
| TOP OF THE 5TH |
|
Miami (APP) Marlins batting - Pitching for San Francisco (APP) Giants : RHP Corey Foster
|
|
Batting: RHB Hektor Luvian
|
0-0: Foul Ball, location: 2F 0-1: Foul Ball, location: 2F 0-2: Ball 1-2: Strikes out swinging
|
|
Batting: RHB Torquato Uso
|
0-0: Called Strike 0-1: Ground out 6-3 (Groundball, 6, EV 91.2 MPH)
|
|
Batting: RHB Terrell Smith
|
0-0: Swinging Strike 0-1: Called Strike 0-2: Ball 1-2: Ball 2-2: SOLO HOME RUN (Flyball, 78XD, EV 106.2 MPH), Distance : 437 ft
|
|
Batting: RHB Clark Meagher
|
0-0: Ground out 5-3 (Groundball, 5S, EV 83.8 MPH)
|
| Top of the 5th over - 1 run, 1 hit, 0 errors, 0 left on base; Miami (APP) 4 - San Francisco (APP) 1 |
| BOTTOM OF THE 5TH |
|
San Francisco (APP) Giants batting - Pitching for Miami (APP) Marlins : RHP Santiago Navarro
|
|
Batting: LHB Kuan Hsia
|
0-0: SOLO HOME RUN (Flyball, 9D, EV 106.2 MPH), Distance : 409 ft
|
|
Batting: RHB Jaime Rios
|
0-0: Ball 1-0: Ball 2-0: Ball 3-0: Base on Balls
|
|
Batting: RHB Jonathan Hemsley
|
0-0: Ball 1-0: Ball 2-0: Ball 3-0: Foul Ball, location: 2F 3-1: Called Strike 3-2: 2-RUN HOME RUN (Flyball, 7LD, EV 98.8 MPH), Distance : 353 ft
|
|
Batting: RHB Coen Dirks
|
0-0: SOLO HOME RUN (Flyball, 78XD, EV 93.8 MPH) (Inside the Park)
|
|
Pitching: RHP Carlos Segura
|
|
|
Batting: RHB Noe Oliva
|
0-0: Ball 1-0: SINGLE (Groundball, 6M, EV 88.1 MPH) (infield hit)
|
|
Batting: RHB Zach Maguire
|
0-0: Ball 1-0: Ball 2-0: Foul Ball, location: 2F 2-1: Foul Ball, location: 2F 2-2: Foul Ball, location: 2F 2-2: Foul Ball, location: 2F 2-2: Foul Ball, location: 2F 2-2: Ball 3-2: SINGLE (Groundball, 56D, EV 110.0 MPH) Noe Oliva to second
|
|
Batting: RHB Alex Peguero
|
0-0: Called Strike 0-1: Ball 1-1: Ball 2-1: Called Strike Noe Oliva is caught stealing 3rd base 2-5 2-2: Fly out, F7 (Flyball, 7S, EV 90.0 MPH)
|
|
Batting: RHB Tsugio Yamaguchi
|
0-0: Called Strike Zach Maguire steals 2nd base 0-1: Ball 1-1: Swinging Strike 1-2: Ball Wild Pitch! Zach Maguire to third 2-2: Ball 3-2: Foul Ball, location: 2F 3-2: Base on Balls
|
|
Batting: LHB Dennis Jones
|
0-0: Foul Ball, location: 2F 0-1: Foul Ball, location: 2F 0-2: Ball Wild Pitch! Zach Maguire scores Tsugio Yamaguchi to second 1-2: Fly out, F9 (Flyball, 9D, EV 103.8 MPH)
|
| Bottom of the 5th over - 5 runs, 5 hits, 0 errors, 1 left on base; Miami (APP) 4 - San Francisco (APP) 6 |
| TOP OF THE 6TH |
|
Miami (APP) Marlins batting - Pitching for San Francisco (APP) Giants : RHP Corey Foster
|
|
Batting: LHB Tony Olmos
|
0-0: Called Strike 0-1: Foul Ball, location: 2F 0-2: Ball 1-2: Ball 2-2: Fly out, F8 (Flyball, 8LXD, EV 98.1 MPH)
|
|
Pitching: RHP Danny Estrada
|
|
|
Batting: RHB David Martin
|
0-0: Ball 1-0: Swinging Strike 1-1: Ground out 6-3 (Groundball, 6, EV 80.6 MPH)
|
|
Batting: RHB Kazumi Inouye
|
0-0: Ground out 5-3 (Groundball, 25, EV 81.2 MPH)
|
| Top of the 6th over - 0 runs, 0 hits, 0 errors, 0 left on base; Miami (APP) 4 - San Francisco (APP) 6 |
| BOTTOM OF THE 6TH |
|
San Francisco (APP) Giants batting - Pitching for Miami (APP) Marlins : RHP Carlos Segura
|
|
Batting: LHB Kuan Hsia
|
0-0: Called Strike 0-1: Ball 1-1: Ball 2-1: Called Strike 2-2: Strikes out swinging
|
|
Pitching: RHP Eric Schafer
|
|
|
Batting: RHB Jaime Rios
|
0-0: Ball 1-0: SINGLE (Line Drive, 34, EV 107.5 MPH)
|
|
Batting: RHB Jonathan Hemsley
|
0-0: Ball 1-0: DOUBLE (Line Drive, 89XD, EV 105.0 MPH) Jaime Rios to third Runner from 3rd tries for Home, SAFE, throw by RF to trailing runner, SAFE at third!
|
|
Batting: RHB Coen Dirks
|
0-0: Ball 1-0: Ball 2-0: Ball 3-0: Base on Balls
|
|
Batting: RHB Noe Oliva
|
0-0: Foul Ball, location: 2F 0-1: Ball 1-1: Ball 2-1: Swinging Strike 2-2: Strikes out looking
|
|
Batting: RHB Zach Maguire
|
0-0: SINGLE (Line Drive, 9LS, EV 90.0 MPH) Jonathan Hemsley scores Coen Dirks to second Runner from 2nd tries for 3rd, SAFE, throw by RF made to third
|
|
Batting: RHB Alex Peguero
|
0-0: Ball 1-0: Ball 2-0: Ground out 6-3 (Groundball, 6MS, EV 87.5 MPH)
|
| Bottom of the 6th over - 2 runs, 3 hits, 0 errors, 2 left on base; Miami (APP) 4 - San Francisco (APP) 8 |
| TOP OF THE 7TH |
|
Miami (APP) Marlins batting - Pitching for San Francisco (APP) Giants : RHP Danny Estrada
|
|
Batting: RHB Robbie Gomez
|
0-0: Ball 1-0: Called Strike 1-1: Foul Ball, location: 2F 1-2: Foul Ball, location: 2F 1-2: Ball 2-2: Foul Ball, location: 2F 2-2: Foul Ball, location: 2F 2-2: Ball 3-2: Fly out, F9 (Flyball, 9LM, EV 106.2 MPH)
|
|
Batting: RHB Francisco Valenzuela
|
0-0: Foul Ball, location: 2F 0-1: Hit by Pitch
|
|
Batting: RHB Hektor Luvian
|
0-0: Ball Francisco Valenzuela is caught stealing 2nd base 2-4 1-0: Swinging Strike 1-1: Foul Ball, location: 2F 1-2: Strikes out swinging
|
| Top of the 7th over - 0 runs, 0 hits, 0 errors, 0 left on base; Miami (APP) 4 - San Francisco (APP) 8 |
| BOTTOM OF THE 7TH |
|
San Francisco (APP) Giants batting - Pitching for Miami (APP) Marlins : RHP Eric Schafer
|
|
Batting: RHB Tsugio Yamaguchi
|
0-0: Ball 1-0: Fly out, F8 (Flyball, 8LD, EV 92.5 MPH)
|
|
Batting: LHB Dennis Jones
|
0-0: Ball 1-0: Ball 2-0: Ball 3-0: Called Strike 3-1: Foul Ball, location: 2F 3-2: Base on Balls
|
|
Batting: LHB Kuan Hsia
|
0-0: Called Strike 0-1: SINGLE (Groundball, 4MD, EV 106.2 MPH) Dennis Jones to second
|
|
Batting: RHB Jaime Rios
|
0-0: Ball 1-0: Ball 2-0: Foul Ball, location: 2F 2-1: Foul Ball, location: 2F 2-2: Strikes out swinging
|
|
Batting: RHB Jonathan Hemsley
|
0-0: Called Strike 0-1: Ball 1-1: SINGLE (Line Drive, 7S, EV 99.4 MPH) Dennis Jones to third Kuan Hsia to second
|
|
Batting: RHB Coen Dirks
|
0-0: Fly out, F9 (Flyball, 89S, EV 90.0 MPH)
|
| Bottom of the 7th over - 0 runs, 2 hits, 0 errors, 3 left on base; Miami (APP) 4 - San Francisco (APP) 8 |
| TOP OF THE 8TH |
|
Miami (APP) Marlins batting - Pitching for San Francisco (APP) Giants : RHP Danny Estrada
|
|
Batting: RHB Torquato Uso
|
0-0: Called Strike 0-1: Fly out, F7 (Flyball, 7D, EV 103.1 MPH)
|
|
Batting: RHB Terrell Smith
|
0-0: Ball 1-0: Ball 2-0: Called Strike 2-1: Foul Ball, location: 2F 2-2: Strikes out looking
|
|
Batting: RHB Clark Meagher
|
0-0: Ball 1-0: Ground out 6-3 (Groundball, 6, EV 80.0 MPH)
|
| Top of the 8th over - 0 runs, 0 hits, 0 errors, 0 left on base; Miami (APP) 4 - San Francisco (APP) 8 |
| BOTTOM OF THE 8TH |
|
San Francisco (APP) Giants batting - Pitching for Miami (APP) Marlins : RHP Eric Schafer
|
|
Batting: RHB Noe Oliva
|
0-0: Ball 1-0: Foul Ball, location: 2F 1-1: Fly out, F9 (Line Drive, 9, EV 90.6 MPH)
|
|
Batting: RHB Zach Maguire
|
0-0: Ball 1-0: DOUBLE (Line Drive, 89M, EV 99.4 MPH)
|
|
Batting: RHB Alex Peguero
|
0-0: Called Strike 0-1: Ball 1-1: Ball 2-1: Called Strike 2-2: DOUBLE (Flyball, 78D, EV 95.6 MPH) Zach Maguire scores
|
|
Pitching: RHP Freddie Robe
|
|
|
Batting: RHB Tsugio Yamaguchi
|
0-0: Ball 1-0: Ball 2-0: SINGLE (Groundball, 34D, EV 101.2 MPH) Alex Peguero to third
|
|
Batting: LHB Dennis Jones
|
0-0: Ball 1-0: Foul Ball, location: 2F 1-1: Called Strike 1-2: Strikes out swinging
|
|
Batting: LHB Kuan Hsia
|
0-0: Ground out 4-3 (Groundball, 34S, EV 91.2 MPH)
|
| Bottom of the 8th over - 1 run, 3 hits, 0 errors, 2 left on base; Miami (APP) 4 - San Francisco (APP) 9 |
| TOP OF THE 9TH |
|
Miami (APP) Marlins batting - Pitching for San Francisco (APP) Giants : RHP Danny Estrada
|
|
Batting: LHB Tony Olmos
|
0-0: Ball 1-0: Called Strike 1-1: Swinging Strike 1-2: Ball 2-2: Ball 3-2: Base on Balls
|
|
Batting: RHB David Martin
|
0-0: SINGLE (Line Drive, 9LS, EV 90.0 MPH) Tony Olmos to second
|
|
Batting: RHB Kazumi Inouye
|
0-0: Ball 1-0: Ball 2-0: Foul Ball, location: 2F 2-1: Ball 3-1: Swinging Strike 3-2: Base on Balls Tony Olmos to third David Martin to second
|
|
Pitching: RHP Russ Hudson
|
|
|
Batting: RHB Robbie Gomez
|
0-0: Ball 1-0: SINGLE (Line Drive, 4M, EV 105.0 MPH) Tony Olmos scores David Martin to third Kazumi Inouye to second
|
|
Pinch Hitting: RHB Adrian Bocker
|
0-0: Called Strike 0-1: Ball 1-1: Ball 2-1: Called Strike 2-2: Ball 3-2: Fly out, F7 (Line Drive, 7S, EV 95.6 MPH)
|
|
Pinch Hitting: LHB Takao Ogura
|
0-0: Ball 1-0: Ball 2-0: Ball 3-0: Base on Balls David Martin scores Kazumi Inouye to third Robbie Gomez to second
|
|
Batting: RHB Torquato Uso
|
0-0: Called Strike 0-1: Ball 1-1: Ball 2-1: Ball 3-1: Foul Ball, location: 2F 3-2: Base on Balls Kazumi Inouye scores Robbie Gomez to third Takao Ogura to second
|
|
Batting: RHB Terrell Smith
|
0-0: Ball 1-0: Ball 2-0: Swinging Strike 2-1: Fly out, F9 (Flyball, 9D, EV 98.8 MPH)
|
|
Batting: RHB Clark Meagher
|
0-0: Fly out, F8 (Flyball, 8RM, EV 86.2 MPH)
|
| Top of the 9th over - 3 runs, 2 hits, 0 errors, 3 left on base; Miami (APP) 7 - San Francisco (APP) 9 |
|